 Dungeon Crawl Stone Soup version 0.18-a0-1179-g120c792 (webtiles) character file.

23 Reinor the Scratcher (level 2, 0/12 HPs)
             Began as a Felid Transmuter on Jan 27, 2016.
             Slain by a hobgoblin
             ... wielding a +0 hand axe
              (5 damage)
             ... on level 2 of the Dungeon.
             The game lasted 00:03:12 (1864 turns).

Reinor the Scratcher (Felid Transmuter)             Turns: 1864, Time: 00:03:12

Health: 0/12       AC:  1    Str:  6    XL:     2   Next: 75%
Magic:  5/6        EV: 18    Int: 14    God:
Gold:   95         SH:  0    Dex: 16    Spells: 1 memorised, 4 levels left
                                        Lives:  0   Deaths: 0

rFire  . . .     SeeInvis +       - Unarmed
rCold  . . .     Gourm    .     (armour unavailable)
rNeg   . . .     Faith    .     (shield unavailable)
rPois  .         Spirit   .     (helmet unavailable)
rElec  .         Dismiss  .     (cloak unavailable)
rCorr  .         Reflect  .     (gloves unavailable)
SustAt .         Harm     .     (boots unavailable)
MR     .....                    (no amulet)
Stlth  ++........               (no ring)
                                (no ring)

@: appendage, quick, not resistant to hostile enchantments, unstealthy
A: no armour, no weapons or thrown items, claws 1, fangs 3, horns 2, see
invisible, carnivore 3, speed 1, shaggy fur 1, slow metabolism 1, sharp paws
a: End Transformation


You were on level 2 of the Dungeon.
You were completely stuffed.
You had grown temporary horns.
You visited 1 branch of the dungeon, and saw 2 of its levels.

You collected 95 gold pieces.

Inventory:

Missiles
 a - 25 arrows
 e - 5 arrows of frost
Scrolls
 i - 2 scrolls of teleportation {unknown}
 j - a scroll of identify {unknown}
Potions
 d - a potion of mutation {unknown}
 g - a potion of might {unknown}
Books
 b - a book of Changes

   Spells                             Type                      Level
   a - Beastly Appendage              Transmutation                1
   b - Sticks to Snakes               Transmutation                2
   c - Spider Form                    Transmutation/Poison         3
   d - Ice Form                       Ice/Transmutation            4
   e - Blade Hands                    Transmutation                5
Comestibles
 c - a meat ration
 f - a beef jerky


   Skills:
 - Level 1.0 Fighting
 - Level 2.6 Dodging
 + Level 4.0 Unarmed Combat
 - Level 2.0 Spellcasting
 - Level 2.1 Transmutations


You had 4 spell levels left.
You knew the following spells:

 Your Spells              Type           Power        Failure   Level  Hunger
a - Beastly Appendage     Trmt           #.....       12%         1    ##.....


Dungeon Overview and Level Annotations

Branches:
Dungeon (2/15)

Altars:


Innate Abilities, Weirdness & Mutations

You cannot wear armour.
You are incapable of wielding weapons or throwing items.
You have sharp claws.
You have razor-sharp teeth.
You have supernaturally acute eyesight.
You are carnivorous and can eat meat at any time.
You cover ground quickly.
You are covered in fur (AC +1).
You have a slow metabolism.
Your sharp claws are effective at attacking unaware monsters.
You have a pair of horns on your head.


Message History

Found a naga barding.
You see here a club.
You see here a naga barding.
You now have 95 gold pieces (gained 8).
Found a thin glowing staff.
A hobgoblin comes into view. It is wielding a hand axe.
The hobgoblin shouts!
The hobgoblin closely misses you.
You scratch the hobgoblin.
You bite the hobgoblin, but do no damage.
The hobgoblin is severely wounded.
The hobgoblin barely misses you.
Casting: Beastly Appendage
Confirm with . or Enter, or press ? or * to list all spells.
You grow a pair of large bovine horns.
The hobgoblin hits you with a hand axe!
Ouch! That really hurt!
You scratch the hobgoblin.
The hobgoblin is almost dead.
The hobgoblin hits you with a hand axe.
You die...

#.###.# #.....#########
##.####g..g..... #### ..
##.#.######## ... .###....#
#..# #.# # ........# #..# #|#.
(###....#
#..########..##g.......########
#..##.........@...##.##........
#..##.######.####.##.##.#######
#..##.######.# #.........#####
#..##[##...#.# #.....<.......#
##..........#.# ##.#.##.#.###.#
#.............#####.#. #.#.#
#.# #.#.##.###..........#
#.#.###.# #.#)##.# #.##########
#.#.##... #.#.##.# #.#
#........


You could see a hobgoblin.

Vanquished Creatures
  A giant gecko (D:1)
  4 bats
  A giant cockroach (D:1)
  A goblin (D:1)
  4 hobgoblins
  5 kobolds (D:1)
  4 giant newts
  2 rats (D:1)
22 creatures vanquished.

Notes
Turn   | Place    | Note
--------------------------------------------------------------
     0 | D:1      | Reinor the Felid Transmuter began the quest for the Orb.
     0 | D:1      | Reached XP level 1. HP: 9/9 MP: 4/4
   368 | D:1      | Reached XP level 2. HP: 2/12 MP: 4/6
  1282 | D:2      | Reached skill level 4 in Unarmed Combat
  1864 | D:2      | Slain by a hobgoblin

Vault maps used:
D:1:      dpeg_arrival_refuge, wad_floor_pattern_untrapped
D:2:      first_bread

Action                   || total
-------------------------++-------
Melee: Unarmed           ||    83
 Cast: Beastly Appendage ||     6
  Eat: Chunk             ||     9
